 Dungeon Crawl Stone Soup version 0.29-a0-997-gf6f7e2dfe7 (webtiles) character file.

Game seed: 11002007574802499850

317 vurker the Shooter (level 6, 0/56 HPs)
             Began as a Minotaur Hunter on Aug 4, 2022.
             Blown up by Ijyb (19 damage)
             ... with a mindburst bolt
             ... while paralysed by Grinder
             ... on level 4 of the Dungeon.
             The game lasted 00:03:36 (3615 turns).

vurker the Shooter (Minotaur Hunter)                Turns: 3615, Time: 00:03:37

Health: 0/56       AC:  7    Str: 17    XL:     6   Next: 20%
Magic:  5/5        EV:  2    Int:  6    God:
Gold:   156        SH:  0    Dex: 14    Spells: 5/5 levels left

rFire   . . .      SeeInvis .   a - +0 shortbow
rCold   . . .      Faith    .   (shield currently unavailable)
rNeg    . . .      Spirit   .   c - +1 leather armour
rPois   .          Reflect  .   o - +2 hat
rElec   .          Harm     .   e - +0 cloak
rCorr   .          Rampage  .   (no gloves)
Will    .....                   (no boots)
Stlth   +.........              (no amulet)
HPRegen 0.18/turn               (no ring)
MPRegen 0.09/turn               (no ring)

@: paralysed
A: horns 2, retaliatory headbutt
a: no special abilities


You were on level 4 of the Dungeon.
You visited 1 branch of the dungeon, and saw 4 of its levels.

You collected 156 gold pieces.

Inventory:

Hand Weapons
 a - a +0 shortbow (weapon)
Armour
 c - a +1 leather armour (worn)
 e - a +0 cloak (worn)
   (You took it off Crazy Yiuf on level 2 of the Dungeon)
 o - a +2 hat (worn)
   (You found it on level 3 of the Dungeon)
Scrolls
 b - 2 scrolls of immolation
 i - a scroll of summoning {unknown}
 k - a scroll of enchant armour
Potions
 d - 4 potions of curing
 f - 2 potions of magic {unknown}
 g - a potion of cancellation {unknown}
 h - a potion of degeneration {unknown}
 j - a potion of brilliance {unknown}
 l - a potion of might
 m - 2 potions of heal wounds {unknown}
 n - 2 potions of berserk rage {unknown}


   Skills:
 + Level 5.0 Fighting
 * Level 7.2 Ranged Weapons
 - Level 2.1 Dodging
 - Level 0.7 Stealth


You had 5 spell levels left.
You didn't know any spells.
Your spell library contained the following spells:

 Spells                   Type           Power      Damage    Failure   Level
 Shock                    Conj/Air       0%         1d3       52%         1
 Sublimation of Blood     Necr           0%         N/A       67%         2
 Wereblood                Tmut           0%         N/A       67%         2
 Frozen Ramparts          Ice            0%         1d8       88%         3
 Swiftness                Air            0%         N/A       88%         3
 Airstrike                Air            0%         2d(0-16)  99%         4
 Ice Form                 Ice/Tmut       0%         N/A       99%         4
 Summon Ice Beast         Ice/Summ       0%         N/A       99%         4
 Summon Hydra             Summ           0%         N/A       100%        7


Dungeon Overview and Level Annotations

Branches:
Dungeon (4/15)
 Temple: D:4-7

Altars:
Fedhas
Makhleb
The Shining One

Shops:
D:1 *   D:2 [

Annotations:
D:4 Grinder, Ijyb


Innate Abilities, Weirdness & Mutations

You have a pair of horns on your head.
You reflexively headbutt those who attack you in melee.


Message History

The arrow hits the frilled lizard.
A frilled lizard is nearby!
You shoot an arrow. The arrow hits the frilled lizard.
You kill the frilled lizard!
There is a stone staircase leading up here.
Grinder and Ijyb come into view.
Ijyb is wielding a +0 club and carrying a wand of mindburst (18).
You aren't carrying any items that you can evoke.
Unknown command.
You shoot an arrow. The arrow hits Grinder.
You hear a shout!
Grinder hits you.
You writhe in agony.
Grinder closely misses you.
You shoot an arrow. The arrow completely misses Grinder.
Grinder hits you.
You writhe in agony.
You shoot an arrow. The arrow closely misses Grinder.
Grinder barely misses you.
You shoot an arrow. The arrow hits Grinder.
Grinder hits you.
You shoot an arrow. The arrow closely misses Grinder.
Grinder closely misses you. Grinder hits you but does no damage.
You shoot an arrow.
The arrow hits Grinder but does no damage.
Grinder says, "Just stop there for a second..."
Grinder gestures at you. You resist with significant effort.
A jackal comes into view.
You shoot an arrow. The arrow closely misses Grinder.
The arrow barely misses Ijyb.
The jackal barks!
The arrow hits the jackal.
You kill the jackal!
Grinder misses you.
You shoot an arrow. The arrow hits Grinder.
Grinder barely misses you.
You shoot an arrow. The arrow closely misses Grinder.
The arrow hits Ijyb.
Grinder blinks!
You shoot an arrow. The arrow hits Ijyb.
Ijyb zaps a wand.
Your mind is blasted!
* * * LOW HITPOINT WARNING * * *
Grinder blinks!
Ijyb hits you but does no damage. Grinder barely misses you.
Unknown command.
Grinder attacks as you move away! Grinder hits you but does no damage.
Grinder gestures at you.
You suddenly lose the ability to move!
Ijyb zaps a wand.
You barely resist. Grinder gestures at you.
You barely resist.
Ijyb zaps a wand.
Your mind is blasted!
You die...

#.# ..# #.##. #.# #.#
#.##. #.# #.# #.##.
#.# #.# .....
#######.###.#.# #.#
#.##. .............g#
#.# #.##. #.#
#.###.##.
#.######g### #
#........
#......5.@.#.#
#..###.##
########.#.#.#####..#
#.# #............#
#>## ##..########.#
#.## #..# #.†.# #.##
#<.# ##.#####.## #..#
#..........
#.######..####....
#.###..)........#.


You could see Grinder and Ijyb.

Vanquished Creatures
  Menkaure (D:4)
  A scorpion (D:3)
  Crazy Yiuf (D:2)
  2 adders
  3 gnolls (D:2)
  A worm (D:2)
  2 dart slugs
  An orc (D:3)
  3 endoplasms
  4 giant cockroaches
  6 goblins
  7 hobgoblins
  2 jackals (D:4)
  2 quokkas (D:3)
  5 ball pythons
  5 bats
  4 frilled lizards (D:4)
  4 kobolds
  8 rats
62 creatures vanquished.

Vanquished Creatures (others)
  24 plants
24 creatures vanquished.

Grand Total: 86 creatures vanquished

Notes
Turn   | Place    | Note
-------+----------+-------------------------------------------
     0 | D:1      | vurker the Minotaur Hunter began the quest for the Orb.
     0 | D:1      | Reached XP level 1. HP: 18/18 MP: 0/0
   223 | D:1      | Reached XP level 2. HP: 25/25 MP: 1/1
   282 | D:1      | Found a faded altar of an unknown god.
   698 | D:1      | Found Reixauwn's Assorted Antiques.
   805 | D:2      | Reached skill level 5 in Ranged Weapons
   847 | D:2      | Found a blossoming altar of Fedhas.
   918 | D:2      | Reached XP level 3. HP: 12/31 MP: 2/2
  1573 | D:2      | Found Hauttefa's Antique Armour Boutique.
  1749 | D:2      | Found a runed translucent door.
  1750 | D:2      | Noticed Crazy Yiuf
  2001 | D:2      | Killed Crazy Yiuf
  2002 | D:2      | Reached XP level 4. HP: 39/40 MP: 3/3
  2322 | D:3      | Found a glowing golden altar of the Shining One.
  2388 | D:3      | Reached skill level 6 in Ranged Weapons
  2920 | D:3      | Found a burning altar of Makhleb.
  2922 | D:3      | Noticed a scorpion
  2935 | D:3      | Killed a scorpion
  2936 | D:3      | Reached XP level 5. HP: 16/47 MP: 4/4
  3282 | D:4      | Noticed Menkaure
  3290 | D:4      | Killed Menkaure
  3291 | D:4      | Reached skill level 7 in Ranged Weapons
  3291 | D:4      | Reached XP level 6. HP: 28/55 MP: 5/5
  3572 | D:4      | Reached skill level 5 in Fighting
  3601 | D:4      | Noticed Grinder
  3601 | D:4      | Noticed Ijyb
  3613 | D:4      | Paralysed by Grinder for 5 turns
  3615 | D:4      | Blown up by Ijyb

Illustrated notes

Levels and vault maps discovered:
D:1:      minmay_arrival_arboretum_small, layout_basic, serial_shops,
          nicolae_square_shop, shapermc_ecumenical_altar_starsandcircs
D:2:      layout_loops_cross, serial_shops, shop, basic_altar,
          uniq_crazy_yiuf_cottage
D:3:      layout_loops_ring, tso_metal_star, lemuel_round_altar,
          serial_bayou_lagoon_a
D:4:      layout_loops_ring, dancing_weapons_uskayaw, minmay_lizard_king,
          uniq_menkaure, uniq_grinder, uniq_ijyb

Skill      XL: |  1  2  3  4  5  6 |
---------------+-------------------+-----
Ranged Weapons | 5 6 7 |  7.2
Fighting       | 3 4 5 |  5.0
Dodging        | |  2.1
Stealth        | |  0.7

Action                   |  1- 3 |  4- 6 || total
-------------------------+-------+-------++-------
Melee: Unarmed           |     1 |     2 ||     3
 Fire: Shortbow          |    81 |    84 ||   165
  Use: Scroll            |     5 |     1 ||     6
       Potion            |       |     1 ||     1
Armor: Leather armour    |    10 |    25 ||    35
Dodge: Dodged            |    24 |    42 ||    66

Table legend: (Time is in decaauts)
 A = Elapsed time spent in this place.
 B = Non-inter-level travel time spent in this place.
 C = Inter-level travel time spent in this place.
 D = Time resting spent in this place.
 E = Time spent auto-exploring this place.
 F = Levels seen in this place.
 G = Mean time per level.
                   A        B        C        D        E       F      G
               +--------+--------+--------+--------+--------+-----+--------+
         Total |   3672 |   3550 |    122 |    121 |   2951 |   4 |  918.0 |
       Dungeon |   3672 |   3550 |    122 |    121 |   2951 |   4 |  918.0 |
               +--------+--------+--------+--------+--------+-----+--------+

Top non-repeatable levels by time:
     D:2: 1403 daAuts
     D:3: 1102 daAuts
     D:1: 813 daAuts
     D:4: 353 daAuts
